 Dungeon Crawl Stone Soup version 0.31-a0-845-g9abc20d (webtiles) character file.

Game seed: 15167013872430001080

2619 steven32 the Carver (level 9, -1/74 HPs)
             Began as a Merfolk Monk on Sept 30, 2023.
             Was a Believer of Okawaru.
             Blown up by Joseph (8 damage)
             ... with a mindburst bolt
             ... on level 7 of the Dungeon.
             The game lasted 00:20:36 (9460 turns).

steven32 the Carver (Merfolk Monk)                  Turns: 9460, Time: 00:20:37

Health: -1/74      AC:  9    Str: 12    XL:     9   Next: 60%
Magic:  11/12      EV: 16    Int: 15    God:    Okawaru [**....]
Gold:   227        SH:  0    Dex: 20    Spells: 8/8 levels left

rFire   . . .        a - +0 falchion
rCold   . . .        d - orb {light}
rNeg    . . .        x - +0 ring mail
rPois   .            y - +0 helmet
rElec   .            n - +0 cloak
rCorr   +            (no gloves)
SInv    .            E - +0 pair of boots
Will    .....        (no amulet)
Stlth   +            v - ring of resist corrosion
HPRegen 0.32/turn    e - +6 ring of intelligence
MPRegen 0.13/turn

%: no passive effects
@: heroic, glowing
A: (nimble swimmer 2), mertail
a: Renounce Religion, Heroism


You were on level 7 of the Dungeon.
You worshipped Okawaru.
Okawaru was pleased with you.
You visited 2 branches of the dungeon, and saw 9 of its levels.

You collected 227 gold pieces.

Inventory:

Hand Weapons
 a - a +0 falchion (weapon)
Missiles
 r - 4 boomerangs
Armour
 d - an orb of light (worn)
 n - a +0 cloak (worn)
 x - a +0 ring mail (worn)
 y - a +0 helmet (worn)
 C - a +0 kite shield
 E - a +0 pair of boots (worn)
Jewellery
 e - a +6 ring of intelligence (right hand)
 q - a ring of wizardry
 v - a ring of resist corrosion (left hand)
Wands
 k - a wand of roots (11)
 A - a wand of paralysis (8)
Scrolls
 f - a scroll of fear
 g - 2 scrolls of vulnerability
 h - a scroll of teleportation
 i - a scroll of enchant armour
 j - 2 scrolls of fog
 l - a scroll of torment {unknown}
 o - 2 scrolls of noise
 p - 3 scrolls of revelation {unknown}
 s - a scroll of blinking {unknown}
 w - 2 scrolls of brand weapon {unknown}
 B - a scroll of immolation {unknown}
 G - a scroll of amnesia {unknown}
Potions
 c - a potion of ambrosia
 m - a potion of resistance
 t - 3 potions of curing
 u - a potion of attraction {unknown}
 z - a potion of mutation {unknown}
 F - a potion of haste {unknown}


   Skills:
 - Level 8.0(13.0) Fighting
 - Level 10.0(15.0) Long Blades
 - Level 6.0(11.0) Throwing
 - Level 4.0(9.0) Dodging
 - Level 1.3(6.3) Shields
 + Level 4.5 Invocations


You had 8 spell levels left.
You didn't know any spells.
Your spell library contained the following spells:

 Spells                   Type           Power      Damage    Failure   Level
 Freeze                   Ice            0%         1d3       50%         1
 Kiss of Death            Conj/Necr      0%         2d5       50%         1
 Blink                    Tloc           0%         N/A       65%         2
 Ensorcelled Hibernation  Hex/Ice        0%         N/A       65%         2
 Passwall                 Tmut/Erth      0%         N/A       65%         2
 Sublimation of Blood     Necr           0%         N/A       65%         2
 Wereblood                Tmut           0%         N/A       65%         2
 Confusing Touch          Hex            0%         N/A       86%         3
 Frozen Ramparts          Ice            0%         1d1       86%         3
 Hailstorm                Conj/Ice       0%         3d3       86%         3
 Swiftness                Air            0%         N/A       86%         3
 Dispel Undead            Necr           0%         3d6       99%         4
 Manifold Assault         Tloc           0%         N/A       99%         4
 Summon Hydra             Summ           Unusable   N/A       N/A         7

Dungeon Overview and Level Annotations

Branches:
Dungeon (8/15) Zot: 26385  Temple (1/1) D:7 Zot: 5767
   Lair: D:8-11

Altars:
Ashenzari
Cheibriados
Elyvilon
Fedhas
Gozag
Hepliaklqana
Kikubaaqudgha
Makhleb
Nemelex Xobeh
Okawaru
Qazlal
Ru
Sif Muna
Trog
Uskayaw
Vehumet
Wu Jian
Xom
Yredelemnul
Zin
The Shining One

Shops:
D:4 :

Annotations:
D:7 Joseph


Innate Abilities, Weirdness & Mutations

((You are very nimble when in or above water. (Stealth+, EV+, Speed+++)))
Your lower body shifts to a powerful aquatic tail in water.


Message History

You hit the gnoll but do no damage. The gnoll barely misses you.
You hit the gnoll but do no damage. The gnoll sergeant barely misses you.
The gnoll misses you.
Press: ? - help, v - describe, . - travel
Here: a gnoll sergeant, wielding a +2 trident of flaming, wearing a +0 ring mail and wearing a +0 kite shield (haloed)
The floor.
Health restored: 68 The orc wizard casts a spell.
The orc wizard flickers and vanishes!
Deactivating autopickup; reactivate with Ctrl-A.
The orc wizard gestures at you while chanting.
The puff of flame misses you. The orc wizard barely misses you.
There is an open door here.
You slash the orc wizard!
The orc wizard is heavily wounded.
The orc wizard hits you but does no damage.
You hit the orc wizard.
The orc wizard is severely wounded.
The gnoll sergeant hits you from afar with a +2 trident of flaming!
The gnoll sergeant burns you. The orc wizard closely misses you.
You take 14 damage, and have 54/68 hp.
MASSIVE DAMAGE!!
You hit the orc wizard.
You kill the orc wizard!
Reactivating autopickup.
Your Throwing skill increases to level 4!
You have reached level 9!
Your experience leads to an increase in your attributes!
Your base attributes are Str 12, Int 9, Dex 18.
Increase (S)trength, (I)ntelligence, or (D)exterity?
You feel agile. x2
You regained 5 hp, and now have 59/74 hp.
MP restored: 9 The gnoll sergeant hits you from afar with a +2 trident of flaming.
The gnoll sergeant burns you.
You take 5 damage, and have 54/74 hp.
The gnoll sergeant attacks as it pursues you!
The gnoll sergeant hits you from afar with a +2 trident of flaming.
The gnoll sergeant burns you.
You take 2 damage, and have 52/74 hp.
The gnoll sergeant attacks as it pursues you!
The gnoll sergeant misses you.
The gnoll sergeant attacks as it pursues you!
The gnoll sergeant hits you from afar with a +2 trident of flaming.
The gnoll sergeant burns you.
You take 3 damage, and have 52/74 hp.
The gnoll sergeant attacks as it pursues you!
The gnoll sergeant hits you from afar with a +2 trident of flaming!
The gnoll sergeant burns you.
You see here a +0 spear.
You take 11 damage, and have 41/74 hp.
Things that are here:
a +0 spear; 4 stones; a gnoll skeleton
Things that are here:
a +2 whip of electrocution; a +4 halberd; a gnoll skeleton
There is a stone staircase leading up, spattered with blood here.
You climb upwards.
There is a stone staircase leading down here.
You start resting.
You start resting.
HP restored.
Health restored: 74 You climb downwards.
The gnoll sergeant hits you with a +2 trident of flaming!
The gnoll sergeant burns you. The gnoll sergeant misses you.
There is a stone staircase leading up, spattered with blood here.
You take 17 damage, and have 57/74 hp.
MASSIVE DAMAGE!!
You hit the gnoll sergeant.
The gnoll sergeant is lightly wounded.
The gnoll sergeant completely misses you.
The gnoll sergeant closely misses you.
You climb upwards.
There is a stone staircase leading down here.
You hit the gnoll sergeant but do no damage.
The gnoll sergeant is lightly wounded.
You hit the gnoll sergeant.
The gnoll sergeant is moderately wounded.
The gnoll sergeant hits you with a +2 trident of flaming.
The gnoll sergeant burns you.
You take 7 damage, and have 51/74 hp.
You hit the gnoll sergeant but do no damage.
The gnoll sergeant is moderately wounded.
The gnoll sergeant closely misses you.
You slash the gnoll sergeant!
The gnoll sergeant is severely wounded.
The gnoll sergeant hits you with a +2 trident of flaming!
The gnoll sergeant burns you.
You take 9 damage, and have 42/74 hp.
You hit the gnoll sergeant.
The gnoll sergeant is almost dead.
The gnoll sergeant hits you with a +2 trident of flaming!
The gnoll sergeant burns you.
You take 13 damage, and have 29/74 hp.
You slash the gnoll sergeant!
You kill the gnoll sergeant!
Things that are here:
a +2 trident of flaming; a +0 ring mail; a +0 kite shield You start resting.
You start resting.
HP restored.
Health restored: 74
C - a +0 kite shield You are illuminated by a small divine halo.
You are glowing.
Your movement speed is average.
Your attack delay is about 0.8.
Your damage rating with your +0 falchion is about 13 (Base 8 x 125% (Dex) x 136% (Skill)).
Your base attributes are Str 12, Int 9, Dex 20.
Okay, then.
You start removing your armour.
You continue taking off your orb of light. x4
You finish taking off your orb of light.
You start putting on your armour.
You continue putting on your +0 kite shield. x5
You finish putting on your +0 kite shield.
Your movement speed is average.
Your attack delay is about 1.0 (and is slowed by your shield).
Your damage rating with your +0 falchion is about 13 (Base 8 x 125% (Dex) x 136% (Skill)).
Your base attributes are Str 12, Int 9, Dex 20.
There is a stone staircase leading down, spattered with blood here.
You climb downwards.
The gnoll hits you with a +0 club. You block the gnoll's attack.
The gnoll barely misses you. The gnoll hits you with a +0 flail!
There is a stone staircase leading up, spattered with blood here.
You take 11 damage, and have 63/74 hp.
You hit the gnoll but do no damage. The gnoll hits you but does no damage.
The gnoll hits you with a +0 flail.
You take 3 damage, and have 60/74 hp.
The gnoll hits you with a +0 club. The gnoll hits you with a +0 flail.
You climb upwards.
There is a stone staircase leading down, spattered with blood here.
You take 5 damage, and have 55/74 hp.
You barely miss the gnoll. The gnoll hits you but does no damage.
You block the gnoll's attack.
You hit the gnoll.
The gnoll is heavily wounded.
You block the gnoll's attack. The gnoll hits you with a +0 flail.
You take 3 damage, and have 53/74 hp.
You hit the gnoll.
The gnoll is almost dead.
The gnoll hits you with a +0 club. You block the gnoll's attack.
You take 3 damage, and have 50/74 hp.
You hit the gnoll but do no damage.
The gnoll is almost dead.
You block the gnoll's attack. The gnoll hits you with a +0 flail!
You take 6 damage, and have 44/74 hp.
You slash the gnoll!
You kill the gnoll!
You block the gnoll's attack.
You slash the gnoll!
The gnoll is severely wounded.
The gnoll barely misses you.
You barely miss the gnoll.
The gnoll is severely wounded.
The gnoll hits you but does no damage.
You hit the gnoll.
You kill the gnoll!
Things that are here:
a +0 club; a gnoll corpse You start resting.
You start resting.
HP restored.
Health restored: 74
There is a stone staircase leading down, spattered with blood here.
You climb downwards.
You block the gnoll's attack. The gnoll barely misses you.
There is a stone staircase leading up, spattered with blood here.
You hit the gnoll.
The gnoll is lightly wounded.
The gnoll closely misses you.
You hit the gnoll.
The gnoll is severely wounded.
The gnoll hits you with a +0 club.
You take 5 damage, and have 69/74 hp.
You slash the gnoll!
You kill the gnoll!
You see here a +0 club.
Search for what [Enter for "throw", or ? for help]? shield Unknown command.
As you read the scroll of identify, it crumbles to dust.
i - a scroll of enchant armour
As you read the scroll of identify, it crumbles to dust.
j - 2 scrolls of fog HP restored.
There is a stone staircase leading up, spattered with blood here.
Things that are here:
a +4 halberd; a +2 whip of electrocution
Things that are here:
4 stones; a +0 spear You see here a +0 spear.
A gnoll comes into view. It is wielding a +0 spear.
The gnoll shouts!
Health restored: 74 A gnoll is nearby!
A gnoll is nearby!
You block the gnoll's attack.
You hit the gnoll but do no damage. The gnoll closely misses you.
You slash the gnoll!
The gnoll is severely wounded.
You block the gnoll's attack.
You slash the gnoll!
You kill the gnoll!
No target in view!
You see here a +0 spear.
A gnoll comes into view. It is wielding a +0 halberd.
The gnoll shouts!
A gnoll is nearby!
A gnoll is nearby!
You block the gnoll's attack.
You hit the gnoll.
The gnoll is lightly wounded.
The gnoll hits you but does no damage.
You slash the gnoll!
The gnoll is almost dead.
You block the gnoll's attack.
You hit the gnoll but do no damage.
The gnoll is almost dead.
You block the gnoll's attack.
You hit the gnoll.
You kill the gnoll!
No target in view!
Okay, then.
You start removing your armour.
You continue taking off your +0 kite shield. x4
You finish taking off your +0 kite shield.
You start putting on your armour.
You continue putting on your orb of light. x5
You finish putting on your orb of light.
Things that are here:
a +0 halberd; a gnoll corpse
There is an open door here.
Things that are here:
a +0 leather armour; a +0 club
There is an open door here.
w - 2 scrolls labelled VIEN DYSURIDE (gained 1) Key pressed, stopping explore.
Found an escape hatch in the ceiling.
A white imp comes into view.
The white imp shouts!
The white imp gestures at you. The puff of frost hits you.
You take 2 damage, and have 72/74 hp.
A white imp is nearby!
You hit the white imp.
The white imp is lightly wounded.
The white imp misses you.
You hit the white imp but do no damage.
The white imp is lightly wounded.
The white imp gestures at you. The puff of frost hits you.
You take 5 damage, and have 67/74 hp.
You slash the white imp!
You kill the white imp!
No target in view!
There is an open door here.
An orc comes into view. It is wielding a +0 morningstar.
The orc shouts!
The orc moves out of view.
Health restored: 74
There is an open door here.
An orc is nearby!
The orc closely misses you.
You barely miss the orc. The orc hits you with a +0 morningstar.
You take 6 damage, and have 68/74 hp.
You barely miss the orc. You hit the orc.
The orc is heavily wounded.
The orc barely misses you.
You barely miss the orc.
The orc is heavily wounded.
The orc misses you.
You slash the orc!
You kill the orc!
No target in view!
There is an open door here.
A - a wand of paralysis (8) Health restored: 74
g - 2 scrolls of vulnerability (gained 1)
Things that are here:
a +0 scale mail; a +1 spear of venom The orc shouts!
An orc is nearby!
An orc is nearby!
The orc hits you but does no damage.
You hit the orc.
The orc is moderately wounded.
The orc hits you with a +0 short sword.
You take 2 damage, and have 72/74 hp.
You hit the orc but do no damage.
The orc is moderately wounded.
You hit the orc.
The orc is heavily wounded.
The orc completely misses you.
You hit the orc.
You kill the orc!
No target in view!
Key pressed, stopping explore.
You see here a +0 scale mail.
Items here: )) [[.
You see here a +0 club.
There is an open door here.
D - a potion of heal wounds Health restored: 74
Found 4 stones.
Found a stone staircase leading up.
Done exploring.
Done exploring.
Done exploring.
Done exploring.
Done exploring.
There is an open door here.
There is an open door here.
There is an open door here.
There is a stone staircase leading down here.
You climb downwards.
Found 4 stones.
There is a stone staircase leading up here.
Found a potion of degeneration.
A centaur comes into view.
The centaur shouts!
The centaur wields a +0 orcbow.
The centaur shoots an arrow.
The arrow closely misses you.
A centaur is nearby!
The centaur shoots an arrow.
The arrow hits you.
You take 6 damage, and have 68/74 hp.
You slash the centaur!
The centaur is heavily wounded.
The centaur unwields a +0 orcbow.
The centaur barely misses you. x2
You slash the centaur!
The centaur is almost dead.
The centaur hits you but does no damage.
The centaur misses you.
You slash the centaur!
You kill the centaur!
Your Throwing skill increases to level 5!
No target in view!
HP restored.
Things that are here:
a +0 orcbow; a centaur corpse You now have 209 gold pieces (gained 19).
A bullfrog comes into view.
Found 4 silver javelins.
The bullfrog gives a loud, deep croak!
Health restored: 74 A bullfrog is nearby!
A bullfrog is nearby!
Found a pair of boots.
The bullfrog misses you.
You hit the bullfrog.
The bullfrog is moderately wounded.
The bullfrog barely misses you.
You slash the bullfrog!
The bullfrog is severely wounded.
The bullfrog hits you but does no damage.
The bullfrog misses you.
You barely miss the bullfrog.
The bullfrog is severely wounded.
The bullfrog barely misses you.
You slash the bullfrog!
You kill the bullfrog!
No target in view!
A sky beast comes into view.
Found 16 gold pieces.
You see here a +0 pair of boots.
E - a +0 pair of boots The sky beast hits you.
The sky beast shocks you.
You take 9 damage, and have 65/74 hp.
You hit the sky beast.
The sky beast is lightly wounded.
The sky beast flickers out of sight for a moment.
The sky beast hits you but does no damage.
You slash the sky beast!
The sky beast is moderately wounded.
The sky beast closely misses you.
You hit the sky beast but do no damage.
The sky beast is moderately wounded.
The sky beast completely misses you.
You hit the sky beast but do no damage.
The sky beast is moderately wounded.
You slash the sky beast!
The sky beast is severely wounded.
The sky beast hits you but does no damage.
You slash the sky beast!
The sky beast is almost dead.
The sky beast hits you but does no damage.
You slash the sky beast!
You kill the sky beast!
No target in view!
You start putting on your armour.
You continue putting on your +0 pair of boots. x4
You finish putting on your +0 pair of boots.
You regained 2 hp, and now have 68/74 hp.
An ice beast comes into view.
Found a spear.
Health restored: 74
Press: ? - help, v - describe, . - travel
Here: an ice beast The floor.
Unknown command.
Throw: 3 darts (atropa)
Press: ? - help, Shift-Dir - straight line, f - ice beast
Aim: an ice beast (haloed, 82% to hit, chance to blind on hit: 63%)
You throw an atropa-tipped dart.
The atropa-tipped dart hits the ice beast!
The ice beast appears confused.
You see here an atropa-tipped dart.
The ice beast seems less confused.
The ice beast barely misses you.
You catch the helpless ice beast completely off-guard!
You hit the ice beast.
The ice beast is lightly wounded.
The ice beast hits you but does no damage.
You strike the helpless ice beast from behind!
You hit the ice beast but do no damage.
The ice beast is lightly wounded.
You hit the ice beast but do no damage.
The ice beast is lightly wounded.
The ice beast barely misses you.
You hit the ice beast.
The ice beast is lightly wounded.
The ice beast is no longer blind.
The ice beast misses you.
You hit the ice beast.
The ice beast is moderately wounded.
You hit the ice beast.
The ice beast is moderately wounded.
The ice beast barely misses you.
You hit the ice beast.
The ice beast is heavily wounded.
The ice beast closely misses you.
You hit the ice beast.
The ice beast is heavily wounded.
The ice beast hits you but does no damage.
You hit the ice beast but do no damage.
The ice beast is heavily wounded.
The ice beast hits you. The ice beast freezes you!
You take 16 damage, and have 58/74 hp.
MASSIVE DAMAGE!!
You hit the ice beast.
The ice beast is severely wounded.
You hit the ice beast.
The ice beast is severely wounded.
The ice beast hits you but does no damage.
You hit the ice beast but do no damage.
The ice beast is severely wounded.
The ice beast hits you. The ice beast freezes you!
You take 11 damage, and have 48/74 hp.
You slash the ice beast!
You kill the ice beast!
Training target 6.0 for Throwing reached!
Your Throwing skill increases to level 6!
You need to enable at least one skill for training.
Your Shields skill increases to level 1!
b - 3 atropa-tipped darts (gained 1)
A vampire comes into view.
Found 10 gold pieces.
Health restored: 74 A vampire is nearby!
Found 11 gold pieces.
Throw: 3 darts (atropa)
Press: ? - help, Shift-Dir - straight line, f - vampire
Aim: a vampire (haloed, 82% to hit, immune)
Okay, then.
Press: ? - help, v - describe, . - travel
Here: a vampire (haloed)
The floor.
The vampire casts a spell.
The vampire flickers and vanishes for a moment.
Something shouts, "Bolt, thou clouted motley-minded skainsmate!"
You hear a croak.
You hit the vampire.
The vampire is lightly damaged.
You hear two shouts!
The vampire hits you! The vampire barely misses you.
A white imp comes into view.
You take 8 damage, and have 66/74 hp.
You hit the vampire but do no damage.
The vampire is lightly damaged.
The vampire closely misses you. The vampire bites you!
The vampire draws strength from your injuries!
You take 8 damage, and have 58/74 hp.
A bullfrog comes into view.
The vampire closely misses you.
The vampire bites you but does no damage.
The vampire casts a spell at you.
You are confused.
You are too confused!
Okay, then.
You bump into the rock wall.
You hit the vampire.
The vampire is lightly damaged.
You closely miss the vampire.
The vampire is lightly damaged.
The vampire hits you. The vampire bites you.
The vampire draws strength from your injuries!
You take 12 damage, and have 48/74 hp.
The vampire hits you! The vampire bites you!
The vampire draws strength from your injuries!
A two-headed ogre comes into view.
It is wielding a +0 giant club and a +0 dire flail.
You take 19 damage, and have 29/74 hp.
MASSIVE DAMAGE!!
An ice beast comes into view.
The white imp grins evilly.
You feel less confused. The bullfrog attacks as it pursues you!
The bullfrog closely misses you. The bullfrog attacks as it pursues you!
The bullfrog barely misses you. x2
You enter a teleport trap!
The teleport trap disappears.
Your surroundings suddenly seem different.
A white imp comes into view.
Found a stone staircase leading up.
The white imp shouts!
There is a stone staircase leading up here.
The white imp gestures at you. The puff of frost misses you.
You climb upwards.
There is a stone staircase leading down here.
You start resting.
You start resting.
You start resting.
You climb downwards.
The white imp gestures at you. The puff of frost misses you.
There is a stone staircase leading up here.
You regained 40 hp, and now have 73/74 hp.
The white imp gestures at you. The puff of frost hits you!
You take 7 damage, and have 66/74 hp.
The white imp misses you.
You slash the white imp!
You kill the white imp!
No target in view!
There is a stone staircase leading up here.
You can't go down here!
You climb upwards.
There is a stone staircase leading down here.
You see here the +8 shortbow "Zygapso" {drain, rPois Will- Int+3 Stlth+}.
You regained 2 hp, and now have 71/74 hp.
F - the +8 shortbow "Zygapso" {drain, rPois Will- Int+3 Stlth+} You drop the +8 shortbow "Zygapso" {drain, rPois Will- Int+3 Stlth+}.
There is a stone staircase leading down here.
HP restored.
You climb downwards.
There is a stone staircase leading up here.
Health restored: 74
There is a stone staircase leading up here.
An iguana comes into view.
The iguana hisses angrily.
The iguana bites you.
You take 2 damage, and have 72/74 hp.
You hit the iguana.
The iguana is lightly wounded.
The iguana bites you.
You take 4 damage, and have 68/74 hp.
You hit the iguana.
The iguana is moderately wounded.
The iguana bites you but does no damage.
You barely miss the iguana.
The iguana is moderately wounded.
You barely miss the iguana.
The iguana is moderately wounded.
The iguana bites you.
You take 2 damage, and have 66/74 hp.
You hit the iguana.
The iguana is moderately wounded.
The iguana closely misses you.
You slash the iguana!
You kill the iguana!
No target in view!
HP restored.
F - a puce potion Health restored: 74
Found a stone staircase leading down.
Found a staircase to the Ecumenical Temple.
Found a quarterstaff.
A hornet comes into view.
The hornet buzzes angrily.
You hear a shout! x6
There is a staircase to the Ecumenical Temple here.
You climb downwards.
Welcome to the Ecumenical Temple!
Found a staircase back to the Dungeon.
There is a staircase back to the Dungeon here.
Found an ancient bone altar of Kikubaaqudgha.
Found a white marble altar of Elyvilon and a stormy altar of Qazlal.
Found a radiant altar of Vehumet.
Found a shimmering blue altar of Sif Muna.
Done exploring.
Done exploring.
Done exploring.
You hit the bush.
The bush is lightly damaged.
You slash the bush!
The bush is lightly damaged.
You hit the bush but do no damage.
The bush is lightly damaged.
You hit the bush but do no damage.
The bush is lightly damaged.
You hit the bush but do no damage.
The bush is lightly damaged.
You completely miss the bush.
The bush is lightly damaged.
You hit the bush.
The bush is lightly damaged.
You hit the bush.
The bush is lightly damaged.
You hit the bush but do no damage.
The bush is lightly damaged.
You hit the bush.
The bush is moderately damaged.
You hit the bush.
The bush is moderately damaged.
You slash the bush!
The bush is moderately damaged.
You hit the bush but do no damage. You hit the bush but do no damage.
There is a hide-covered altar of Uskayaw here.
You hit the bush but do no damage. You hit the bush but do no damage.
There is an iron altar of Okawaru here.
You kneel at the altar of Okawaru.
Okawaru welcomes you!
You can now gain great but temporary skills.
There is a staircase back to the Dungeon here.
Search for what [Enter for "shield", or ? for help]? rpois Unknown command.
Unknown command.
You can't go down here!
You climb upwards.
Welcome back to the Dungeon!
The orc shouts!
You hear a shout!
The hornet barely misses you. The hornet stings you!
You are poisoned.
You feel yourself slow down.
A kobold comes into view. It is wielding a +0 short sword.
The hornet stings you!
You are more poisoned.
You feel as though you will be slow longer.
There is a staircase to the Ecumenical Temple, spattered with blood here.
You take 17 damage, and have 57/74 hp.
MASSIVE DAMAGE!!
You feel protected.
You feel very sick.
The kobold shouts!
You hear a shout!
The hornet misses you. x2
An orc priest comes into view. It is wielding a +0 club.
A kobold brigand comes into view.
It is wielding a +0 short sword and quivering poisoned darts.
A kobold comes into view. It is wielding a +0 dagger.
You take 6 damage, and have 51/74 hp.
Unknown command.
Unknown command.
As you read the scroll of teleportation, it crumbles to dust.
You feel strangely unstable.
You feel very sick.
The kobold brigand shouts!
The kobold shouts!
The hornet barely misses you. The hornet stings you!
You take 10 damage, and have 41/74 hp.
An orc and a kobold come into view.
The kobold is wielding a +0 short sword and quivering poisoned darts.
You feel very sick.
The orc shouts!
The kobold shouts!
The hornet stings you.
You feel as though you will be slow longer.
A kobold comes into view. It is wielding a +0 whip.
A kobold comes into view. It is wielding a +0 short sword.
The kobold moves out of view.
You take 7 damage, and have 34/74 hp.
Unknown command.
Unknown command.
Your surroundings suddenly seem different.
Found a stone staircase leading down.
You feel sick.
You take 1 damage, and have 33/74 hp.
You feel sick.
There is a stone staircase leading down here.
You take 1 damage, and have 32/74 hp.
You start resting.
You feel sick. x2
You are no longer poisoned.
You take 2 damage, and have 30/74 hp.
You start resting.
You feel yourself speed up.
You start resting.
You start to feel less resistant.
You regained 7 hp, and now have 38/74 hp.
Your resistance to elements expires.
You start resting.
You start resting.
HP restored.
Health restored: 74
Found a leather armour.
There is a stone staircase leading down here.
You climb downwards.
The black bear growls angrily.
Found a book of Burglary.
Found two stone staircases leading down.
There is a stone staircase leading up here.
Press: ? - help, v - describe, . - travel
Here: a black bear (haloed)
The floor.
The black bear bites you but does no damage.
The black bear claws you.
The black bear claws you but does no damage.
You take 1 damage, and have 73/74 hp.
You slash the black bear!
The black bear is moderately wounded.
You slash the black bear!
The black bear is severely wounded.
The black bear goes berserk!
You slash the black bear!
The black bear is almost dead.
The black bear barely misses you. The black bear claws you.
The black bear closely misses you.
You take 6 damage, and have 67/74 hp.
You hit the black bear.
You kill the black bear!
Okawaru accepts your kill.
Your Invocations skill increases to level 1!
Unknown command.
Magic restored.
HP restored.
You see here a book of Burglary.
An orc comes into view. It is wielding a +0 short sword.
The orc shouts!
Health restored: 74; MP restored: 10 An orc is nearby!
Found 18 gold pieces.
Found a stone staircase leading up.
The orc hits you with a +0 short sword.
You take 3 damage, and have 71/74 hp.
You barely miss the orc. The orc hits you but does no damage.
You hit the orc.
The orc is lightly wounded.
You hit the orc.
The orc is heavily wounded.
The orc closely misses you.
You barely miss the orc.
The orc is heavily wounded.
The orc hits you but does no damage.
You slash the orc!
You kill the orc!
Okawaru accepts your kill.
No target in view!
You now have 227 gold pieces (gained 18).
D - 2 potions of heal wounds (gained 1)
Found a stone staircase leading down.
Health restored: 74
There is a shaft here.
G - a scroll labelled PIOSUWN OBUPT
t - 3 potions of curing (gained 1)
You see here a +0 short sword.
A two-headed ogre comes into view.
It is wielding a +0 giant spiked club and a +0 giant club.
The two-headed ogre shouts in stereo!
You hear a shout!
Unknown command.
Press: ? - help, v - describe, . - travel
Here: a two-headed ogre, wielding a +0 giant spiked club and a +0 giant club (haloed)
The floor.
Throw: 3 darts (atropa)
Press: ? - help, Shift-Dir - straight line, f - two-headed ogre
Aim: a two-headed ogre, wielding a +0 giant spiked club and a +0 giant club (haloed, 94% to hit, chance to blind on hit: 3%)
Okay, then.
Unknown command.
There is a stone staircase leading up here.
You climb upwards.
There is a stone staircase leading down here.
You start waiting.
Done waiting.
What are your orders? t - Shout!
Orders for allies: a - Attack new target. r - Retreat! s - Stop attacking. g - Guard the area. f - Follow me.
Anything else - Cancel.
You shout for attention!
You hear an angry buzzing noise.
You start waiting.
A hornet is nearby!
Throw: 3 darts (atropa)
Press: ? - help, Shift-Dir - straight line, f - hornet
Aim: a hornet (55% to hit, chance to blind on hit: 51%)
You throw an atropa-tipped dart.
The atropa-tipped dart barely misses the hornet.
Throw: 2 darts (atropa)
Press: ? - help, Shift-Dir - straight line, f/p - hornet
Aim: a hornet (haloed, 70% to hit, chance to blind on hit: 51%)
You throw an atropa-tipped dart. The atropa-tipped dart hits the hornet!
The hornet appears confused.
The hornet seems less confused.
The hornet barely misses you.
You hit the hornet.
The hornet is lightly wounded.
The hornet stings you!
You feel yourself slow down.
You take 11 damage, and have 63/74 hp.
You catch the helpless hornet completely off-guard!
You slash the hornet!
The hornet is heavily wounded.
You feel yourself speed up. The hornet barely misses you.
The hornet closely misses you.
You slash the hornet!
The hornet is almost dead.
The hornet stings you.
You suddenly lose the ability to move!
The hornet stings you!
You feel yourself slow down.
The hornet stings you but does no damage.
You feel yourself speed up. The hornet stings you!
You shrug off the repeated paralysis!
The hornet stings you.
You feel yourself slow down.
The hornet stings you but does no damage.
You can move again.
You take 27 damage, and have 36/74 hp.
MASSIVE DAMAGE!!
Unknown command.
Unknown command.
Unknown command.
You slash the hornet!
You kill the hornet!
Okawaru accepts your kill.
Your Invocations skill gained 2 levels and is now at level 3!
You start resting.
You feel yourself speed up.
You start resting.
Magic restored.
MP restored: 11 You start resting.
HP restored.
Health restored: 74 You see here a hornet corpse.
b - 2 atropa-tipped darts (gained 1)
b - 3 atropa-tipped darts (gained 1)
A sky beast comes into view.
The sky beast misses you.
You hit the sky beast but do no damage.
The sky beast hits you but does no damage.
You hit the sky beast.
The sky beast is lightly wounded.
The sky beast misses you.
You hit the sky beast but do no damage.
The sky beast is lightly wounded.
You hit the sky beast.
The sky beast is lightly wounded.
The sky beast hits you but does no damage.
You hit the sky beast but do no damage.
The sky beast is lightly wounded.
The sky beast hits you but does no damage.
You slash the sky beast!
The sky beast is heavily wounded.
The sky beast hits you but does no damage.
You slash the sky beast!
The sky beast is severely wounded.
The sky beast hits you but does no damage.
You slash the sky beast!
You kill the sky beast!
Okawaru accepts your kill.
Your Invocations skill increases to level 4!
No target in view!
Magic restored.
You see here a sky beast corpse.
Duvessa, Sister of Dowan comes into view.
She is wielding a +0 rapier.
MP restored: 12 Unknown command.
Duvessa says, "My weaknesses are his strengths!"
You hit Duvessa.
Duvessa is lightly wounded.
Duvessa closely misses you.
You hit Duvessa.
Duvessa is lightly wounded.
Duvessa hits you with a +0 rapier.
You take 4 damage, and have 70/74 hp.
You slash Duvessa!
Duvessa is moderately wounded.
You barely miss Duvessa.
Duvessa is moderately wounded.
Duvessa hits you but does no damage.
You hit Duvessa but do no damage.
Duvessa is moderately wounded.
Duvessa hits you with a +0 rapier.
You take 3 damage, and have 68/74 hp.
You hit Duvessa.
Duvessa is moderately wounded.
Duvessa hits you with a +0 rapier!
You take 7 damage, and have 61/74 hp.
You hit Duvessa but do no damage.
Duvessa is moderately wounded.
Duvessa hits you with a +0 rapier!
You take 10 damage, and have 51/74 hp.
You completely miss Duvessa.
Duvessa is moderately wounded.
You hit Duvessa.
Duvessa is heavily wounded.
Duvessa hits you with a +0 rapier!
You take 11 damage, and have 40/74 hp.
You barely miss Duvessa.
Duvessa is heavily wounded.
Duvessa hits you but does no damage.
You hit Duvessa but do no damage.
Duvessa is heavily wounded.
Duvessa barely misses you.
You slash Duvessa!
Duvessa is almost dead.
Duvessa closely misses you.
You slash Duvessa!
You kill Duvessa!
Okawaru accepts your kill.
You hear a distant wail of despair.
You start resting.
You start resting.
HP restored.
Health restored: 74 Joseph, a Mercenary comes into view.
He is wielding a +0 quarterstaff, wearing a +3 leather armour of poison resistance and carrying a wand of mindburst.
Joseph shouts!
Joseph unwields a +0 quarterstaff.
Joseph wields a +0 sling.
Joseph shoots a sling bullet.
The sling bullet misses you.
Unknown command.
Okay, then.
Joseph unwields a +0 sling.
Joseph wields a +0 quarterstaff.
Joseph hits you with a +0 quarterstaff!
You take 16 damage, and have 58/74 hp.
MASSIVE DAMAGE!!
Okay, then.
Throw: 3 darts (atropa)
Press: ? - help, Shift-Dir - straight line, f - Joseph
Aim: Joseph, wielding a +0 quarterstaff, wearing a +3 leather armour of poison resistance and carrying a wand of mindburst (haloed, 82% to hit, chance to blind on hit: 51%)
Okay, then.
Unknown command.
Throw: 3 darts (atropa)
Press: ? - help, Shift-Dir - straight line, f - Joseph
Aim: Joseph, wielding a +0 quarterstaff, wearing a +3 leather armour of poison resistance and carrying a wand of mindburst (haloed, 82% to hit, chance to blind on hit: 51%)
You throw an atropa-tipped dart.
The atropa-tipped dart barely misses Joseph.
Throw: 2 darts (atropa)
Press: ? - help, Shift-Dir - straight line, f/p - Joseph
Aim: Joseph, wielding a +0 quarterstaff, wearing a +3 leather armour of poison resistance and carrying a wand of mindburst (haloed, 82% to hit, chance to blind on hit: 51%)
You throw an atropa-tipped dart.
The atropa-tipped dart barely misses Joseph.
Joseph zaps a wand.
Your mind is blasted!
You take 8 damage, and have 50/74 hp.
Throw: dart (atropa)
Press: ? - help, Shift-Dir - straight line, f/p - Joseph
Aim: Joseph, wielding a +0 quarterstaff, wearing a +3 leather armour of poison resistance and carrying a wand of mindburst (haloed, 82% to hit, chance to blind on hit: 51%)
You throw an atropa-tipped dart. The atropa-tipped dart hits Joseph!
Joseph appears confused.
Joseph barely misses himself.
You hit Joseph.
Joseph is lightly wounded.
You hit Joseph.
Joseph is lightly wounded.
You slash Joseph!
Joseph is moderately wounded.
Joseph closely misses you.
You hit Joseph.
Joseph is moderately wounded.
You see here 3 atropa-tipped darts.
Joseph seems less confused.
Joseph hits you with a +0 quarterstaff!
You see here a +0 leather armour.
You take 7 damage, and have 45/74 hp.
You slash Joseph!
Joseph is heavily wounded.
Joseph hits you with a +0 quarterstaff!
You take 7 damage, and have 38/74 hp.
You barely miss Joseph.
Joseph is heavily wounded.
You hit Joseph.
Joseph is heavily wounded.
Joseph is no longer blind.
Joseph zaps a wand.
Your mind is blasted!
You take 7 damage, and have 31/74 hp.
You gain the combat prowess of a mighty hero.
Joseph hits you with a +0 quarterstaff.
You take 2 damage, and have 29/74 hp.
You now have 10/12 mp.
You hit Joseph.
Joseph is heavily wounded.
Joseph zaps a wand.
Your mind is blasted!
* * * LOW HITPOINT WARNING * * *
You take 14 damage, and have 15/74 hp.
You feel much better. Joseph hits you with a +0 quarterstaff!
You regained 10 hp, and now have 25/74 hp.
You barely miss Joseph.
Joseph is heavily wounded.
You barely miss Joseph.
Joseph is heavily wounded.
Joseph hits you with a +0 quarterstaff!
* * * LOW HITPOINT WARNING * * *
You take 12 damage, and have 13/74 hp.
You feel much better. Joseph barely misses you.
You regained 27 hp, and now have 40/74 hp.
You slash Joseph!
Joseph is severely wounded.
Joseph hits you with a +0 quarterstaff.
You take 3 damage, and have 37/74 hp.
You slash Joseph!
Joseph is severely wounded.
You hit Joseph.
Joseph is severely wounded.
Joseph hits you with a +0 quarterstaff!!
* * * LOW HITPOINT WARNING * * *
You take 18 damage, and have 19/74 hp.
MASSIVE DAMAGE!!
You slash Joseph!
Joseph is almost dead.
You hit Joseph but do no damage.
Joseph is almost dead.
Joseph hits you with a +0 quarterstaff!
* * * LOW HITPOINT WARNING * * *
You take 12 damage, and have 7/74 hp.
Aiming: Paralyse
Press: ? - help, Shift-Dir - straight line, f/p - Joseph
Aim: Joseph, wielding a +0 quarterstaff, wearing a +3 leather armour of poison resistance and carrying a wand of mindburst (almost dead, haloed, chance to affect: 31%)
Okay, then.
Unknown command.
Okay, then.
Unknown command.
Press: ? - help, v - describe, . - travel, g - get item Item here: a +0 leather armour.
The floor, spattered with blood.
This square is lit by a halo.
Unknown command.
Press: ? - help, v - describe, . - travel
Here: Joseph, wielding a +0 quarterstaff, wearing a +3 leather armour of poison resistance and carrying a wand of mindburst (almost dead, haloed)
The floor, spattered with blood.
You hit Joseph.
Joseph is almost dead.
Joseph zaps a wand.
Your mind is blasted!
You die...

#.##..###.........
#.##..# ##.####.#.
#.##..####.###....
#..........##.###.
#..............##.
#.##.##########.#.
#....# ###.#
#@##.# #....
#@##.# ##.###
#(##.## #..#
#.#...#######)##
#..............#
#.#...#######..#
#.##.## #..###
#.#### #..... #.#
#.#### #.# #..#


You could see Joseph.

Vanquished Creatures
  A hornet (D:7)
  Sigmund (D:2)
  A water moccasin (D:5)
  Duvessa (D:7)
  2 sky beasts (D:7)
  An ice beast (D:7)
  A black bear (D:8)
  An ogre (D:5)
  2 centaurs
  A phantom (D:4)
  A bullfrog (D:7)
  3 gnoll sergeants
  2 scorpions
  4 orc priests
  A jelly (D:4)
  4 iguanas
  Ijyb (D:4)
  5 sleepcaps
  4 orc wizards
  Natasha (thrice) (D:2)
  22 gnolls
  6 adders
  2 white imps
  An ufetubus (D:4)
  2 worms
  A dart slug (D:1)
  20 orcs
  8 ball pythons
  7 bats
  5 endoplasms
  6 giant cockroaches
  12 hobgoblins
  4 jackals (D:5)
  6 quokkas
  2 frilled lizards
  5 goblins
  5 kobolds
  9 rats
163 creatures vanquished.

Notes
Turn   | Place    | Note
-------+----------+-------------------------------------------
     0 | D:1      | steven32 the Merfolk Monk began the quest for the Orb.
     0 | D:1      | Reached XP level 1. HP: 18/18 MP: 1/1
    79 | D:1      | Reached skill level 4 in Long Blades
   130 | D:1      | Reached XP level 2. HP: 12/24 MP: 2/2
   606 | D:1      | Reached XP level 3. HP: 30/30 MP: 3/3
   736 | D:1      | Found a faded altar of an unknown god.
  1055 | D:2      | Reached skill level 5 in Long Blades
  1074 | D:2      | Noticed Sigmund
  1366 | D:2      | Killed Sigmund
  1367 | D:2      | Reached skill level 6 in Long Blades
  1367 | D:2      | Reached XP level 4. HP: 22/38 MP: 4/4
  1367 | D:2      | Reached XP level 5. HP: 25/43 MP: 5/5
  1367 | D:2      | Reached XP level 6. HP: 29/50 MP: 6/6
  1916 | D:2      | Noticed Natasha
  1944 | D:2      | Killed Natasha
  1945 | D:2      | Reached skill level 5 in Fighting
  2131 | D:2      | Noticed Natasha
  2135 | D:2      | Killed Natasha
  2136 | D:2      | Reached skill level 7 in Long Blades
  2179 | D:2      | Noticed Natasha
  2189 | D:2      | Killed Natasha
  3365 | D:4      | Found Qehapsudgh's Tremendous Tomes.
  3443 | D:4      | Noticed Ijyb
  3457 | D:4      | Killed Ijyb
  3580 | D:4      | Reached skill level 8 in Long Blades
  3580 | D:4      | Reached XP level 7. HP: 51/57 MP: 7/7
  4339 | D:5      | Entered Level 5 of the Dungeon
  4465 | D:5      | Reached skill level 9 in Long Blades
  4552 | D:5      | Reached XP level 8. HP: 59/65 MP: 8/8
  5566 | D:5      | Reached skill level 10 in Long Blades
  5633 | D:6      | Identified the +8 shortbow "Zygapso" {drain, rPois Will-
                  | Int+3 Stlth+}
  6013 | D:6      | Reached skill level 1 in Throwing
  7070 | D:6      | Reached XP level 9. HP: 59/74 MP: 9/9
  7901 | D:7      | Reached skill level 5 in Throwing
  8039 | D:7      | Reached skill level 1 in Shields
  8141 | D:7      | Noticed a two-headed ogre
  8429 | D:7      | Found a staircase to the Ecumenical Temple.
  8437 | D:7      | Noticed a hornet
  8439 | Temple   | Entered the Ecumenical Temple
  8657 | Temple   | Became a worshipper of Warmaster Okawaru
  8657 | Temple   | Reached * piety under Okawaru
  8657 | Temple   | Reached ** piety under Okawaru
  8841 | D:8      | Reached skill level 1 in Invocations
  8951 | D:8      | Noticed a two-headed ogre
  9093 | D:7      | Paralysed by a hornet for 3 turns
  9097 | D:7      | Killed a hornet
  9280 | D:7      | Noticed Duvessa
  9308 | D:7      | Killed Duvessa
  9435 | D:7      | Noticed Joseph
  9460 | D:7      | Blown up by Joseph

Illustrated notes

Levels and vault maps discovered:
D:1:      ncdulo_wetmaze, layout_basic, basic_ecumenical_altar
D:2:      layout_loops_ring, uniq_natasha, uniq_sigmund
D:3:      layout_rooms, minmay_box_of_dots
D:4:      layout_basic, nicolae_shop_i_like_big_books, uniq_ijyb
D:5:      layout_cave_pods
D:6:      layout_basic
D:7:      hangedman_cross_stitches, layout_loops_ring,
          minmay_temple_entry_slanted, uniq_joseph, uniq_duvessa, uniq_maggie
D:8:      nzn_winding_woodlands_three_and_one
          [nzn_winding_woodlands_5x15_sidewinder,
          nzn_winding_woodlands_5x15_zeroes, nzn_winding_woodlands_5x15_pockets,
          nzn_winding_woodlands_center_pierced_h], layout_rooms
Temple:   mainiacjoe_temple_circle_huts

Skill      XL: |  1  2  3  4  5  6  7  8  9 |
---------------+----------------------------+-----
Long Blades    | 4 6 8 9 10 | 10.0
Fighting       | 4 5 6 8 |  8.0
Throwing       | 4 6 |  6.0
Shields        | 1 |  1.3
Invocations    | 4 |  4.5
Dodging        | |  4.0

Action                     |  1- 3 |  4- 6 |  7- 9 || total
---------------------------+-------+-------+-------++-------
  Melee: Falchion          |    72 |   156 |   432 ||   660
  Throw: Dart              |       |       |     6 ||     6
 Invoke: Heroism           |       |       |     1 ||     1
  Evoke: Wand              |       |       |     3 ||     3
    Use: Potion            |     3 |       |     5 ||     8
         Scroll            |       |     6 |     8 ||    14
   Stab: Invisible         |       |       |     3 ||     3
 Armour: Robe              |    40 |    69 |    24 ||   133
         Ring mail         |       |       |   244 ||   244
  Dodge: Dodged            |    52 |    91 |   229 ||   372
  Block: Kite shield       |       |       |    12 ||    12

Table legend: (Time is in decaauts)
 A = Elapsed time spent in this place.
 B = Non-inter-level travel time spent in this place.
 C = Inter-level travel time spent in this place.
 D = Time resting spent in this place.
 E = Time spent auto-exploring this place.
 F = Levels seen in this place.
 G = Mean time per level.
                   A        B        C        D        E       F      G
               +--------+--------+--------+--------+--------+-----+--------+
         Total |   9426 |   8932 |    494 |   1772 |   5281 |   9 | 1047.3 |
       Dungeon |   9193 |   8862 |    331 |   1772 |   5281 |   8 | 1149.1 |
        Temple |    232 |     69 |    163 |      0 |      0 |   1 |  232.0 |
               +--------+--------+--------+--------+--------+-----+--------+

Top non-repeatable levels by time:
     D:5: 1990 daAuts
     D:6: 1646 daAuts
     D:2: 1389 daAuts
     D:1: 1211 daAuts
     D:7: 1057 daAuts
     D:4: 1019 daAuts
     D:3: 750 daAuts
  Temple: 232 daAuts
     D:8: 129 daAuts
